AoeStats
← Lukan

QS Arena

503748563Analyzed
2v2 RM · 3mo ago on Sep 2, 2026· 34m 35s· 4 players
Game mode
Random Map
Map size
Medium (4 player)
Population
200
Speed
Normal
Resources
Standard
Victory
Conquest
Starting age
Dark Age
Ending age
Imperial Age
RankedLock teamsTeams togetherTeam positionsShared explorationLock speedFull tech treeHidden civsTurbo modeCheats
Victory
Defeat
🇨🇱 Cumans · Chile
1144
+15
🇵🇪 Khitans · Peru
1127
+16
vs
🇹🇼 Bulgarians · Taiwan
1153
-17
🇹🇼 Teutons · Taiwan
1112
-15
Lukan
7:41 Feudal Age
9:06 Town Watch
9:33 Man-at-Arms
11:58 Double-Bit Axe
12:46 Loom
19:31 Castle Age
17:59 Fletching
20:08 Wheelbarrow
24:07 Scale Mail Armor
28:01 Forging
29:15 Gold Mining
31:49 Bow Saw
31:23 Domestication
31:54 Stone Mining
[WWW-KT]YagaRetso_CL
0:36 Loom
7:41 Feudal Age
8:25 Double-Bit Axe
8:21 Horse Collar
15:37 Fletching
17:07 Padded Archer Armor
19:21 Wheelbarrow
23:23 Castle Age
22:00 Gold Mining
22:08 Stone Mining
23:12 Bloodlines
23:20 Scale Barding Armor
23:48 Forging
24:45 Heavy Plow
24:35 Light Cavalry
25:44 Capped Ram
30:01 Town Watch
31:59 Iron Casting
31:45 Chain Barding Armor
33:58 Bow Saw
34:25 Bodkin Arrow
mishi3222
4:52 Loom
7:52 Feudal Age
13:16 Man-at-Arms
23:58 Castle Age
31:39 Double-Bit Axe
31:36 Horse Collar
cominon99
6:16 Loom
9:25 Feudal Age
13:26 Castle Age
11:42 Double-Bit Axe
12:22 Forging
12:39 Horse Collar
13:13 Fletching
23:57 Bodkin Arrow
30:32 Bow Saw
31:05 Gold Mining
Connection lost

Rejoining the realm…

Still unreachable

The connection could not be restored.

Session expired

The server has moved on; the page needs a fresh start.